Match 41091196
Unlisted

Match 41091196
End
Construct Infanterie Kompanie
Selects Mechanized Battlegroup
Grenadier Squad
Grenadier Squad
GrW 34 Mortar Team
Construct Panzergrenadier Kompanie
Pak 40 Anti-tank Gun Team
Support Elements
MG 42 Bunker
Medical Bunker
Selects Spotting Scopes
Selects Stoßtruppen Assault Package
Nebelwerfer 42 Rocket Launcher Team
Construct Panzer Kompanie
Stoßtruppen Squad
Stoßtruppen Squad
Selects Raid Package
Grenadier Squad
Grenadier Squad
Selects StuG Assault Group
Pak 40 Anti-tank Gun Team
Pioneer Squad
Pioneer Squad
Selects UNKNOWN (2160084)
Panther Heavy Tank
Panther Heavy Tank
Panther Heavy Tank
Selects Zeroing Artillery Barrage
Medical Bunker
Panther Heavy Tank
Zeroing Artillery Barrage
Side Skirts
Panzer Officer Quarters
Panther Heavy Tank
Zeroing Artillery Barrage
Panther Heavy Tank
Panther Heavy Tank
Pioneer Squad
Pioneer Squad
LiveBait
SMASHLOTUP
DasManKeY
Gracingfields
Mihaelos
Trans rights r human rights
N4Z
noob pro siska✅
0
0

Comments sign in to comment!

No comments posted yet!